 Dungeon Crawl Stone Soup version 0.27.1-1-g398f81649c (webtiles) character file.

Game seed: 14257702129033071383

329 Borgoz the Slasher (level 6, -4/58 HPs)
             Began as a Gargoyle Berserker on Sept 20, 2021.
             Was a Priest of Trog.
             Slain by an ogre (18 damage)
             ... on level 4 of the Dungeon.
             The game lasted 00:04:23 (3976 turns).

Borgoz the Slasher (Gargoyle Berserker)             Turns: 3976, Time: 00:04:24

Health: -4/58      AC:  7    Str: 21    XL:     6   Next: 51%
Magic:  6/6        EV: 12    Int:  7    God:    Trog [***...]
Gold:   181        SH:  0    Dex: 11    Spells: 5/5 levels left

rFire    . . .     SeeInvis .   a - +0 falchion
rCold    + . .     Faith    .   (no shield)
rNeg     + . .     Spirit   .   b - +0 animal skin
rPois    ∞         Reflect  .   (no helmet)
rElec    +         Harm     .   f - +0 cloak
rCorr    .         Rampage  .   (no gloves)
Will     .....                  (no boots)
Stlth    ..........             (no amulet)
HPRegen  0.19/turn              k - ring of protection from cold
MPRegen  0.10/turn              (no ring)

@: berserking (expiring), very quick
A: sickness immunity, AC +4, negative energy resistance 1, electricity
resistance, torment resistance 1, petrification resistance
a: Renounce Religion, Berserk, Trog's Hand


You were on level 4 of the Dungeon.
You worshipped Trog.
Trog was most pleased with you.
You visited 1 branch of the dungeon, and saw 4 of its levels.

You collected 181 gold pieces.

Inventory:

Hand Weapons
 a - a +0 falchion (weapon)
Armour
 b - a +0 animal skin (worn)
 c - a +0 scale mail
 f - a +0 cloak (worn)
Jewellery
 k - a ring of protection from cold (left hand)
Potions
 d - 4 potions of curing
 h - a potion of resistance {unknown}
 i - 4 potions of heal wounds {unknown}
 j - a potion of lignification {unknown}
 l - a potion of cancellation
 n - a potion of degeneration {unknown}


   Skills:
 + Level 4.5 Fighting
 * Level 4.6 Long Blades
 + Level 3.7 Armour
 + Level 2.8 Dodging


You had 5 spell levels left.
You didn't know any spells.
Your spell library was empty.

Dungeon Overview and Level Annotations

Branches:
Dungeon (4/15)
 Temple: D:4-7

Altars:

Shops:
D:2 *   D:3 *   D:4 [


Innate Abilities, Weirdness & Mutations

You are immune to sickness and miasma.
Your stone body is resilient. (AC +4)
You are immune to poison.
You resist negative energy. (rN+)
You are resistant to electric shocks. (rElec)
You are resistant to unholy torment.
You are immune to petrification.


Message History

You are too injured to fight recklessly!
You are too injured to fight recklessly!
You are too injured to fight recklessly!
You are too injured to fight recklessly!
You are too injured to fight recklessly!
You are too injured to fight recklessly!
You are too injured to fight recklessly!
You are too injured to fight recklessly!
You are too injured to fight recklessly!
You are too injured to fight recklessly!
You are too injured to fight recklessly!
You are too injured to fight recklessly!
You are too injured to fight recklessly!
You are too injured to fight recklessly!
You are too injured to fight recklessly!
You slash the ogre!
The ogre is heavily wounded.
The hobgoblin barely misses you.
You closely miss the ogre.
The ogre is heavily wounded.
The ogre barely misses you.
You riposte.
You slash the ogre!
The ogre is almost dead.
The hobgoblin hits you but does no damage.
You barely miss the ogre.
The ogre is almost dead.
You hit the ogre.
You kill the ogre!
Trog accepts your kill. The hobgoblin closely misses you.
You slash the hobgoblin!
You kill the hobgoblin!
Trog accepts your kill.
Found a scroll of identify.
The ogre hits you with a +0 giant club!
* * * LOW HITPOINT WARNING * * *
You slash the ogre!
The ogre is moderately wounded.
You barely miss the ogre.
The ogre is moderately wounded.
The ogre hits you with a +0 giant club!!
You die...

,≈≈≈,,,*,*****,,,,* *,
,,≈,,*,,,,,,,?..,.# *,
*,,,********##..,.#**************
**,**,,,,,,,,...*..,,,,,,,,,,,,,,
*,,,*********#..#.***###*********
,,*,* #....,,,..# *,*,*
#...#***#.# *,*,****** #..O# #.#
*,,,,,,,,#####.)@# #.# ######
*,,,,,,,,.....)..# #.#####.....
***,****,........#####.......####
*,* **#####.#.................
*,* #.##################
*,*********#.* *,,,,,,,,,,.,*
***********#**


You could see an ogre.

Vanquished Creatures
  An ogre (D:4)
  An orc priest (D:3)
  Jessica (D:3)
  Natasha (D:4)
  An orc wizard (D:4)
  A gnoll (D:1)
  An adder (D:4)
  6 dart slugs
  9 orcs
  4 bats
  8 endoplasms
  16 goblins
  10 hobgoblins
  13 jackals
  3 quokkas
  2 ball pythons (D:3)
  3 frilled lizards (D:3)
  8 kobolds
  3 rats
92 creatures vanquished.

Vanquished Creatures (others)
  A plant (D:3)
1 creature vanquished.

Grand Total: 93 creatures vanquished

Notes
Turn   | Place    | Note
-------+----------+-------------------------------------------
     0 | D:1      | Borgoz the Gargoyle Berserker began the quest for the Orb.
     0 | D:1      | Reached XP level 1. HP: 14/14 MP: 1/1
   231 | D:1      | Reached XP level 2. HP: 4/19 MP: 2/2
   671 | D:1      | Reached XP level 3. HP: 15/23 MP: 3/3
  1355 | D:1      | Reached ** piety under Trog
  1648 | D:2      | Reached XP level 4. HP: 28/29 MP: 4/4
  1672 | D:2      | Found Azabuav's General Store.
  1998 | D:3      | Found Didghe Taih's Assorted Antiques.
  2026 | D:3      | Noticed Jessica
  2030 | D:3      | Killed Jessica
  2289 | D:3      | Reached XP level 5. HP: 22/33 MP: 5/5
  2589 | D:3      | Found a faded altar of an unknown god.
  3247 | D:4      | Reached *** piety under Trog
  3454 | D:4      | Found Zidamiso's Antique Armour Shop.
  3957 | D:4      | Noticed Natasha
  3960 | D:4      | Noticed an ogre
  3966 | D:4      | Noticed an ogre
  3967 | D:4      | Killed Natasha
  3968 | D:4      | Reached XP level 6. HP: 23/38 MP: 6/6
  3976 | D:4      | Slain by an ogre

Illustrated notes

Levels and vault maps discovered:
D:1:      nzn_arrival_settlement, layout_loops_ring
D:2:      layout_rooms, serial_shops, nicolae_diamond_shop
D:3:      layout_loops_cross, serial_shops, nicolae_shop_overgrown_old_shop,
          ebering_ecumenical_altar_webs, uniq_jessica
D:4:      cheibrodos_greedy_goblins, layout_loops_ring, serial_shops, shop,
          amcnicky_mini_pool_small, nicolae_zen_rock_garden, uniq_natasha,
          uniq_blork_the_orc

Skill      XL: |  1  2  3  4  5 |
---------------+----------------+-----
Long Blades    | 3 4 |  4.6
Dodging        | 2 |  2.8
Armour         | 3 |  3.7
Fighting       | 4 |  4.5

Action                   |  1- 3 |  4- 6 || total
-------------------------+-------+-------++-------
Melee: Falchion          |   109 |   180 ||   289
Invok: Berserk           |     1 |     1 ||     2
       Trog's Hand       |       |     1 ||     1
  Use: Scroll            |       |     7 ||     7
 Stab: Sleeping          |     1 |     1 ||     2
Armor: Animal skin       |    56 |    83 ||   139
Dodge: Dodged            |    91 |   124 ||   215
       Rpst.: Falchion   |    22 |    28 ||    50
